Map: [ESL] Royal Blood

Players

GuMiho - Winner!

  • Race: Terran Terran
  • Spawn Location: 7:00

Spirit

  • Race: Terran Terran
  • Spawn Location: 1:00

Event: ESL SC2 Masters 2023 Summer (Finals)

VOD

Have the link to the VOD?

Description

Time

  • Played on: June 17, 2023, 9:37 a.m.
  • Length: 16:27

All games in this series

Show
View Real Time Build Order
Export as new Build Order

GuMiho Terran - Winner!

Build Orders: Mech 

Get SALT Encoding   

  12  0:00  SCV  
  13  0:12  SCV  
  14  0:17  Supply Depot  
  14  0:24  SCV  
  15  0:38  SCV  
  15  0:40  Barracks  
  16  0:42  Refinery  
  16  0:50  SCV  
  16  0:52  Refinery  
  17  1:03  SCV  
  18  1:15  SCV  
  19  1:27  Orbital Command, Reaper  
  19  1:30  Supply Depot  
  20  1:40  Factory  
  20  1:52  SCV  
  21  1:59  Reaper  
  22  2:04  SCV  
  23  2:15  Command Center  
  23  2:18  SCV  
  24  2:24  Hellion  
  26  2:30  SCV  
  26  2:33  Barracks Reactor  
  27  2:37  Supply Depot  
  27  2:42  SCV  
  28  2:45  Factory Tech Lab  
  28  2:49  Starport  
  28  2:54  SCV  
  29  3:07  Cyclone  
  29  3:10  SCV, Marine  
  29  3:11  Marine  
  35  3:22  SCV  
  35  3:26  Medivac  
  38  3:28  Orbital Command, Marine x2  
  38  3:34  Refinery  
  40  3:35  SCV  
  41  3:42  Siege Tank  
  41  3:47  Marine, SCV  
  41  3:48  Marine  
  47  3:55  Supply Depot  
  47  3:57  SCV  
  48  4:04  SCV  
  48  4:09  SCV  
  50  4:13  Viking  
  50  4:16  Viking  
  54  4:20  SCV  
  54  4:21  SCV  
  54  4:23  Siege Tank  
  57  4:32  SCV  
  57  4:33  SCV  
  57  4:34  Marine  
  57  4:36  Supply Depot  
  50  4:52  Viking  
  50  4:53  Viking  
  53  5:00  Siege Tank  
  53  5:03  SCV  
  57  5:09  SCV  
  57  5:15  SCV  
  57  5:21  SCV  
  58  5:22  Viking  
  58  5:27  SCV, Viking  
  63  5:33  SCV  
  64  5:36  Siege Tank  
  64  5:39  SCV  
  64  5:41  Supply Depot  
  68  5:45  SCV  
  69  5:51  SCV, Supply Depot  
  70  6:03  SCV, Viking x2  
  75  6:04  SCV  
  76  6:15  SCV  
  75  6:30  SCV x2  
  77  6:33  Viking x2  
  81  6:43  SCV x2  
  81  6:44  Supply Depot  
  81  6:45  Supply Depot  
  77  6:55  SCV x2  
  79  7:03  Viking x2  
  79  7:04  Siege Tank  
  79  7:07  SCV x2  
  88  7:12  Refinery, Factory  
  88  7:13  Supply Depot x2  
  88  7:19  SCV  
  68  7:33  Viking x2  
  68  7:36  SCV  
  65  7:38  Command Center  
  65  7:39  SCV  
  66  7:44  Siege Tank  
  66  7:49  SCV  
  66  7:51  SCV  
  71  7:56  Factory Tech Lab  
  71  7:58  Factory  
  71  8:00  Barracks Reactor  
  71  8:01  SCV  
  71  8:02  Engineering Bay  
  71  8:03  SCV  
  73  8:06  Liberator  
  76  8:13  SCV  
  76  8:15  SCV, Supply Depot  
  76  8:18  Siege Tank  
  81  8:26  Siege Tank  
  82  8:52  Siege Tank  
  81  8:57  Viking  
  81  8:58  Siege Tank  
  77  9:02  Viking  
  80  9:07  Missile Turret x2  
  80  9:08  Missile Turret  
  82  9:10  Missile Turret  
  82  9:12  SCV x2  
  82  9:16  Missile Turret  
  84  9:20  Refinery  
  84  9:21  Refinery  
  84  9:24  SCV x2  
  84  9:26  Missile Turret  
  84  9:28  Hellion  
  84  9:29  Hellion x2  
  84  9:30  Orbital Command, Hellion  
  94  9:36  SCV x2  
  94  9:37  Missile Turret  
  93  9:48  SCV  
  93  9:49  SCV  
  93  9:50  Hellion  
  91  10:02  Siege Tank  
  91  10:03  Hellion  
  91  10:04  SCV  
  94  10:11  Hellion  
  94  10:13  Viking  
  93  10:17  Viking  
  93  10:20  SCV x2  
  97  10:26  SCV  
  98  10:30  Armory  
  98  10:32  SCV  
  99  10:43  Viking  
  99  10:44  SCV x3  
  99  10:47  Viking, Siege Tank x2  
  99  10:48  Sensor Tower  
  110  11:09  SCV x3  
  113  11:13  Command Center  
  113  11:16  Hellion x2  
  113  11:17  Viking x2  
  121  11:19  Siege Tank  
  121  11:20  Siege Tank  
  127  11:26  SCV x3  
  127  11:27  Terran Vehicle Weapons Level 1  
  123  11:43  SCV x3  
  114  11:51  Liberator x2  
  120  11:55  SCV x3  
  121  12:07  SCV x3  
  124  12:09  Siege Tank x2  
  130  12:19  SCV x3  
  131  12:24  Supply Depot x2  
  131  12:31  SCV, Starport  
  131  12:32  Fusion Core  
  131  12:33  Starport  
  131  12:35  Hellion  
  134  12:41  Siege Tank  
  137  12:53  Siege Tank  
  136  13:02  Viking x2  
  142  13:13  Hellion  
  142  13:14  Siege Tank  
  142  13:18  Hellion  
  147  13:20  Starport Tech Lab x2  
  147  13:25  Siege Tank  
  152  13:34  Hellion  
  152  13:46  Siege Tank  
  148  13:55  SCV  
  148  13:56  SCV x2  
  148  13:58  Battlecruiser  
  157  14:05  Supply Depot  
  157  14:06  Supply Depot  
  157  14:12  Battlecruiser  
  142  14:22  Hellion, Siege Tank x2  
  142  14:23  Hellion  
  138  14:28  SCV x2  
  133  14:40  SCV x2  
  135  14:51  Command Center  
  135  14:52  SCV x2  
  132  15:00  Viking  
  134  15:10  SCV x2  
  130  15:22  Viking x2  
  134  15:31  Supply Depot  
  134  15:32  Supply Depot  
  134  15:53  SCV x2, Viking, Siege Tank  
  134  15:54  Viking x2, Siege Tank  
  148  16:05  SCV  
  124  16:26  Refinery x2  
Show
View Real Time Build Order
Export as new Build Order

Spirit Terran 

Build Orders:  

Get SALT Encoding   

  12  0:00  SCV  
  13  0:12  SCV  
  14  0:17  Supply Depot  
  14  0:24  SCV  
  15  0:38  SCV  
  15  0:40  Barracks  
  16  0:44  Refinery  
  16  0:51  SCV  
  16  0:52  Refinery  
  17  1:03  SCV  
  18  1:15  SCV  
  19  1:27  Orbital Command, Reaper  
  19  1:31  Supply Depot  
  20  1:43  Factory  
  20  1:53  SCV  
  21  1:59  Reaper  
  22  2:05  SCV  
  23  2:17  SCV  
  24  2:25  Command Center  
  24  2:29  Hellion  
  26  2:34  Barracks Reactor  
  26  2:35  SCV  
  27  2:40  Supply Depot  
  27  2:47  SCV  
  27  2:50  Hellion  
  30  2:54  Starport  
  30  3:02  SCV  
  31  3:11  Marine x2  
  31  3:13  Factory Tech Lab  
  31  3:14  SCV  
  32  3:26  SCV  
  33  3:29  Marine  
  33  3:31  Cyclone  
  33  3:32  Starport Tech Lab  
  37  3:37  Marine  
  37  3:38  SCV  
  39  3:50  Refinery  
  39  3:53  Raven, SCV  
  42  3:57  Orbital Command  
  42  3:59  Marine  
  43  4:04  Marine  
  43  4:05  SCV  
  45  4:10  Siege Tank  
  48  4:17  SCV  
  48  4:18  Supply Depot  
  48  4:20  Marine  
  48  4:23  SCV  
  51  4:29  SCV  
  52  4:34  Marine  
  52  4:35  SCV  
  54  4:39  Marine  
  54  4:41  SCV  
  56  4:47  SCV  
  56  4:50  Siege Tank  
  56  4:52  Marine  
  55  4:53  SCV  
  55  4:57  Raven, Marine  
  55  4:59  SCV  
  60  5:03  Supply Depot  
  60  5:05  Supply Depot  
  60  5:06  SCV  
  61  5:09  Marine  
  61  5:12  SCV  
  62  5:18  Supply Depot  
  62  5:25  SCV  
  62  5:27  SCV  
  63  5:35  Siege Tank  
  65  5:36  Command Center  
  65  5:37  SCV  
  65  5:39  SCV  
  64  5:44  Viking  
  64  5:46  Viking  
  64  5:49  SCV  
  65  5:51  SCV  
  66  6:05  Barracks  
  66  6:07  Barracks, Siege Tank  
  67  6:13  SCV  
  67  6:14  Viking  
  67  6:15  Viking  
  67  6:17  SCV  
  66  6:34  SCV  
  66  6:37  Marine  
  66  6:39  SCV, Siege Tank  
  72  6:43  Viking  
  72  6:45  Viking  
  73  6:54  Orbital Command, SCV x2, Marine  
  70  6:55  Marine x2  
  73  7:06  SCV  
  74  7:09  Stimpack  
  74  7:10  SCV  
  74  7:12  Marine x2  
  74  7:13  Marine, Viking  
  80  7:15  Viking  
  80  7:21  SCV  
  80  7:24  SCV  
  80  7:29  Orbital Command  
  67  7:31  Marine  
  67  7:33  SCV  
  67  7:36  SCV  
  72  7:38  Barracks Reactor  
  72  7:39  Barracks Reactor  
  72  7:41  Refinery  
  72  7:42  Refinery  
  72  7:43  Engineering Bay  
  69  7:45  SCV  
  69  7:46  Engineering Bay  
  69  7:48  SCV  
  69  7:49  Marine  
  72  7:55  SCV  
  72  7:57  SCV  
  74  8:00  SCV  
  74  8:04  Medivac  
  77  8:07  SCV  
  77  8:09  SCV  
  77  8:11  Medivac  
  77  8:12  SCV  
  82  8:13  Barracks  
  82  8:14  Marine x4  
  82  8:15  Marine  
  82  8:19  SCV  
  88  8:21  SCV  
  88  8:24  SCV  
  90  8:28  Terran Infantry Weapons Level 1  
  90  8:31  SCV  
  90  8:32  Marine x2  
  90  8:33  SCV  
  91  8:34  Marine  
  91  8:36  Marine  
  93  8:44  Marine  
  93  8:45  SCV  
  93  8:50  Combat Shield, Terran Infantry Armor Level 1  
  93  8:51  Marine, SCV  
  93  8:52  SCV  
  93  8:55  Marine x3  
  92  8:57  SCV  
  92  9:01  Barracks Reactor  
  92  9:02  Marine  
  94  9:03  SCV  
  94  9:04  Barracks, SCV  
  94  9:05  Supply Depot  
  94  9:08  Marine, Refinery x2  
  94  9:09  SCV  
  99  9:10  Sensor Tower  
  99  9:13  Marine  
  101  9:24  Supply Depot x2  
  101  9:26  Marine x2  
  101  9:27  SCV x2  
  101  9:31  Marine, Medivac  
  106  9:32  Medivac  
  109  9:39  Armory, Barracks Tech Lab  
  109  9:43  Marine, SCV x2  
  109  9:44  Marine x2  
  106  9:46  Marine  
  106  9:49  Marine  
  105  9:58  SCV x2  
  105  9:59  SCV  
  103  10:00  Marine  
  103  10:01  Medivac  
  103  10:02  Marine, Medivac  
  103  10:03  Marauder, Marine  
  103  10:08  Marine  
  103  10:10  SCV  
  103  10:11  SCV  
  105  10:18  Marine  
  105  10:22  SCV  
  105  10:23  SCV  
  105  10:25  SCV  
  105  10:28  Command Center  
  108  10:30  Terran Infantry Weapons Level 2  
  108  10:35  Marine, Marauder  
  111  10:36  Marine  
  111  10:37  Marauder  
  111  10:40  Marine  
  111  10:41  Marine  
  116  10:43  Concussive Shells, Barracks Tech Lab  
  116  10:47  SCV  
  116  10:48  SCV x2  
  116  10:49  Supply Depot  
  119  10:52  Marine  
  119  10:55  Marine  
  119  10:56  Marauder  
  123  10:58  Marauder  
  123  11:00  Barracks, SCV  
  123  11:03  SCV x2  
  125  11:10  Marine  
  124  11:12  SCV, Supply Depot  
  124  11:14  Terran Infantry Armor Level 2  
  124  11:15  SCV x2  
  124  11:16  Marine  
  128  11:23  Marauder, Marine  
  128  11:24  SCV  
  131  11:27  SCV  
  130  11:37  Marine, Marauder  
  130  11:39  Marine  
  127  11:42  Marine  
  127  11:45  Viking x2  
  127  11:46  Marine  
  125  11:47  Marauder  
  125  11:48  Planetary Fortress  
  125  11:49  Marine  
  125  11:51  SCV x2  
  125  11:54  SCV  
  125  11:55  Marine  
  125  11:58  Marine  
  126  12:03  SCV x2, Siege Tank  
  126  12:05  Barracks Tech Lab  
  126  12:06  SCV  
  132  12:15  SCV x2  
  134  12:17  Medivac x2  
  138  12:23  Marine, Marauder  
  138  12:24  Marine  
  138  12:25  Marauder x2, Marine  
  138  12:28  Marine  
  138  12:29  Marine  
  144  12:35  Siege Tank  
  145  12:41  Marine  
  145  12:42  Marine  
  145  12:43  Marine  
  147  12:46  Marine  
  147  12:50  Marauder  
  148  13:06  Supply Depot  
  148  13:08  Supply Depot  
  148  13:09  Orbital Command  
  148  13:23  Marauder  
  148  13:24  Marine  
  148  13:25  Marine  
  147  13:28  Marauder x2  
  147  13:29  Barracks  
  147  13:30  Barracks  
  151  13:42  Marine  
  151  13:43  Marine  
  151  13:45  Marauder  
  157  13:49  Marine, Marauder  
  157  13:55  SCV x2, Starport  
  159  13:56  SCV  
  159  13:58  Barracks  
  159  13:59  Marine  
  159  14:01  Marine  
  163  14:06  Marine  
  164  14:14  SCV, Marine  
  164  14:15  SCV  
  164  14:16  Marauder, SCV  
  150  14:17  Marine  
  150  14:18  Marine  
  145  14:24  Marauder  
  145  14:26  SCV  
  145  14:29  Barracks Tech Lab x2  
  145  14:30  SCV  
  140  14:33  Marauder, SCV  
  140  14:36  Medivac  
  140  14:37  Marauder  
  149  14:38  Barracks  
  149  14:40  Siege Tank  
  149  14:42  Barracks  
  149  14:43  Missile Turret  
  149  14:44  Barracks  
  149  14:45  Marine  
  152  14:47  Marine  
  152  14:48  Marine  
  152  14:52  Marauder  
  147  14:54  Marauder  
  147  14:58  Marauder  
  146  15:03  Marauder  
  146  15:04  Marine  
  146  15:06  Marine, Medivac  
  150  15:12  Marine  
  142  15:15  Marine  
  142  15:20  Marauder  
  140  15:22  Marine  
  140  15:24  Marine x2  
  140  15:25  Marine  
  140  15:26  Barracks  
  143  15:29  Marine  
  143  15:30  Marine  
  143  15:31  Command Center  
  143  15:32  Marine  
  143  15:33  Marauder  
  145  15:36  Medivac  
  145  15:40  Marine  
  145  15:41  Marauder  
  145  15:42  Marine x2, Marauder  
  147  15:47  Marine  
  147  15:48  Marine  
  139  15:50  SCV x3, Marine  
  139  15:53  SCV  
  139  15:54  Marine  
  141  16:00  Marine x2  
  141  16:02  SCV, Marine  
  141  16:03  Marine  
  147  16:04  SCV  
  147  16:05  Marine, SCV  
  147  16:06  Marine  
  147  16:08  Marine  
Tags
 
Add a new tag
Caveats
  • Supply blocks, unpowered buildings, or Contaminate may cause inaccurate times.
  • Supply counts are checked every 10 seconds.